 Dungeon Crawl Stone Soup version 0.31-a0-38-g1548c4f2a5 (webtiles) character file.

Game seed: 14678240975646387613

8329 bande the Cleaver (level 11, -7/67 HPs)
             Began as a Gargoyle Fighter on May 17, 2023.
             Was a High Priest of Okawaru.
             Mangled by an orc warrior
             ... wielding a +0 glaive
              (15 damage)
             ... on level 10 of the Dungeon.
             The game lasted 00:23:30 (13579 turns).

bande the Cleaver (Gargoyle Fighter)               Turns: 13579, Time: 00:23:31

Health: -7/67      AC: 23    Str: 19    XL:     11   Next: 29%
Magic:  15/15      EV:  8    Int: 10    God:    Okawaru [*****.]
Gold:   628        SH:  6    Dex: 13    Spells: 10/10 levels left

rFire   . . .        D - +4 war axe
rCold   . . .        c - +1 buckler
rNeg    + . .        e - +0 chain mail
rPois   ∞            s - +0 helmet
rElec   +            r - +0 cloak
rCorr   .            y - +0 pair of gloves
SInv    +            (no boots)
Will    .....        (no amulet) Stlth
                     j - ring of see invisible
HPRegen 0.31/turn    (no ring)
MPRegen 0.14/turn

%: no passive effects
@: mighty
A: sickness immunity, AC +8, negative energy resistance 1, electricity
resistance, torment resistance 1, petrification resistance
a: Renounce Religion, Heroism, Finesse, Duel


You were on level 10 of the Dungeon.
You worshipped Okawaru.
Okawaru was extremely pleased with you.
You visited 2 branches of the dungeon, and saw 11 of its levels.
You also visited: Sewer.

You collected 628 gold pieces.

Inventory:

Hand Weapons
 a - a +4 flail
 D - a +4 war axe (weapon)
 I - a +0 broad axe
Missiles
 L - a throwing net (quivered)
Armour
 c - a +1 buckler (worn)
 e - a +0 chain mail (worn)
 r - a +0 cloak (worn)
 s - a +0 helmet (worn)
 y - a +0 pair of gloves (worn)
Jewellery
 j - a ring of see invisible (left hand)
 q - a ring of wizardry
 u - an amulet of magic regeneration
 A - a ring of magical power
Wands
 g - a wand of acid (13)
 k - a wand of digging (2)
 o - a wand of flame (27)
 F - a wand of iceblast (17)
 K - a wand of mindburst (1)
Scrolls
 b - 2 scrolls of poison
 t - a scroll of enchant weapon
 w - 2 scrolls of enchant armour
 x - 6 scrolls of teleportation
 z - 2 scrolls of fear
 E - a scroll of amnesia
 G - 2 scrolls of blinking
Potions
 d - 2 potions of might
 f - a potion of ambrosia {unknown}
 h - 2 potions of brilliance
 i - 9 potions of curing
 l - 8 potions of flight
 m - a potion of cancellation {unknown}
 n - a potion of haste {unknown}
 p - a potion of berserk rage {unknown}
 v - 3 potions of mutation
 B - 2 potions of magic
 C - a potion of attraction {unknown}
 H - a potion of resistance {unknown}


   Skills:
 + Level 7.4 Fighting
 + Level 9.8 Axes
 + Level 8.3 Armour
 + Level 6.7 Shields
 * Level 6.3 Invocations
 * Level 5.6 Evocations


You had 10 spell levels left.
You didn't know any spells.
Your spell library contained the following spells:

 Spells                   Type           Power      Damage    Failure   Level
 Beastly Appendage        Tmut           0%         N/A       96%         1
 Magic Dart               Conj           0%         1d3       96%         1
 Wereblood                Tmut           0%         N/A       99%         2
 Frozen Ramparts          Ice            0%         1d1       100%        3
 Gell's Gravitas          Tloc           0%         N/A       100%        3
 Mephitic Cloud           Conj/Pois/Air  0%         N/A       100%        3
 Spider Form              Tmut/Pois      0%         N/A       100%        3
 Teleport Other           Tloc           0%         N/A       100%        3
 Volatile Blastmotes      Fire/Tloc      0%         2d10      100%        3
 Fulminant Prism          Conj/Hex       0%         3d5       100%        4
 Ice Form                 Ice/Tmut       0%         N/A       100%        4
 Iskenderun's Mystic Bla  Conj/Tloc      0%         2d3       100%        4
 Iskenderun's Battlesphe  Conj           0%         2d6       100%        5
 Lee's Rapid Deconstruct  Erth           0%         3d4*      100%        5
 Dispersal                Tloc           0%         N/A       100%        6
 Iron Shot                Conj/Erth      0%         9d1       100%        6
 Call Imp                 Summ           Unusable   N/A       N/A         2
 Summon Ice Beast         Ice/Summ       Unusable   N/A       N/A         4
 Spellforged Servitor     Conj/Summ      Unusable   N/A       N/A         7

Dungeon Overview and Level Annotations

Branches:
Dungeon (10/15)            Temple (1/1) D:4            Lair (0/5) D:10
    Orc (0/2) D:9           Sewer (visited)

Altars:
Ashenzari
Cheibriados
Dithmenos
Elyvilon
Gozag
Hepliaklqana
Kikubaaqudgha
Makhleb
Nemelex Xobeh
Okawaru
Qazlal
Ru
Sif Muna
Vehumet
Wu Jian
Xom
Yredelemnul
Zin
The Shining One

Shops:
D:3 =   D:4 =::


Innate Abilities, Weirdness & Mutations

You are immune to sickness and miasma.
Your stone body is resilient. (AC +8)
You are immune to poison.
You resist negative energy. (rN+)
You are resistant to electric shocks. (rElec)
You are resistant to unholy torment.
You are immune to petrification.


Message History

The wyvern is moderately wounded.
You slash the shadow! You barely miss the skeletal warrior.
You block the wyvern's attack. The shadow hits you.
The skeletal warrior barely misses you.
The wyvern bites you but does no damage.
You hit the shadow but do no damage.
The shadow is heavily damaged.
You hit the wyvern but do no damage.
You hit the skeletal warrior but do no damage.
You block the wyvern's attack.
The skeletal warrior hits you with a +0 long sword!
The shadow hits you. The orc warrior closely misses you.
You feel very mighty all of a sudden. The wyvern barely misses you.
The shadow hits you! The skeletal warrior barely misses you.
The wyvern bites you.
The orc warrior hits you from afar with a +0 glaive!
Unknown command.
You slice the skeletal warrior!!
The skeletal warrior is moderately damaged.
You hit the shadow. You hit the wyvern. You block the wyvern's attack.
You block the skeletal warrior's attack.
The shadow slips into darkness.
The shadow flickers and vanishes for a moment.
The orc warrior hits you from afar with a +0 glaive!
* * * LOW HITPOINT WARNING * * *
You slash the skeletal warrior!
The skeletal warrior is moderately damaged.
You barely miss the shadow. You hit the wyvern.
The wyvern bites you but does no damage.
The shadow barely misses you. The skeletal warrior barely misses you.
The wyvern misses you. You block the orc warrior's attack.
Unknown command.
You barely miss the skeletal warrior.
The skeletal warrior is moderately damaged.
You slash the shadow! You hit the wyvern. The wyvern barely misses you.
The skeletal warrior hits you with a +0 long sword!
* * * LOW HITPOINT WARNING * * *
The shadow hits you.
The orc warrior hits you from afar with a +0 glaive!
You die...

........##########.#.#######'####
........'........................
........#####.####.#.#.#######...
....###.# #.# #.#......#.##.##
....#...# #.# #..<#.#.##......
......###** #.# *#####.#.##.#.###
.....##.,,**#.###...##.#.##.#....
....##,z...##'##.z...#.#.##.####.
....#*.......zol@W...#.#.##.# #.
....#*.....#####.....#.#.##.# #.
....###...**,,,##...##.#.##.# #.
))....##.**,,,,,*#.###.#.##.# #.
)####.##,*,,,,,,,*.# #.#.##.# ##
)# #.#*,*,,,,,,,*.# #.#.##.#####
.####.#*,*,,,,,,,*,# #.#.##......
......#*,**,,,,,**,**#.#.##..####
.######,,,**,,,**,,,*#.#.........


You could see a skeletal warrior, an orc warrior, a wyvern, a shadow and a
wight.

Vanquished Creatures
  A two-headed ogre (D:9)
  2 trolls (D:10)
  Grinder (D:3)
  2 hornets
  2 wyverns
  Sigmund (D:2)
  6 yaks
  2 steam dragons
  A warg (D:8)
  An acid dragon (D:10)
  Duvessa (D:6)
  A water moccasin (D:8)
  Pargi (D:3)
  A sky beast (D:7)
  2 ice beasts
  2 black bears (D:5)
  3 orc warriors
  An ogre (D:7)
  4 centaurs
  3 phantoms
  Blork the orc (D:4)
  3 kobold brigands
  5 bullfrogs
  7 scorpions
  12 wights
  Dowan (D:6)
  13 killer bees
  An electric eel (D:6)
  2 howler monkeys (D:8)
  2 hounds
  3 jellies
  Crazy Yiuf (D:6)
  An orc priest (D:5)
  2 gnoll boudas
  Terence (D:2)
  6 iguanas
  6 orc wizards
  Ijyb (D:3)
  12 gnolls
  6 adders
  3 river rats
  3 white imps
  An ufetubus (D:5)
  2 worms (D:2)
  2 dart slugs
  22 orcs
  6 endoplasms
  5 giant cockroaches
  12 goblins
  6 hobgoblins
  3 jackals
  19 kobolds
  4 quokkas
  8 ball pythons
  A frilled lizard (D:1)
  14 rats
  A spectral kobold (D:9)
236 creatures vanquished.

Notes
Turn   | Place    | Note
-------+----------+-------------------------------------------
     0 | D:1      | bande the Gargoyle Fighter began the quest for the Orb.
     0 | D:1      | Reached XP level 1. HP: 14/14 MP: 1/1
    77 | D:1      | You fall into a shaft and drop 1 floor!
   110 | D:2      | Reached XP level 2. HP: 19/19 MP: 2/2
   152 | D:2      | Reached skill level 2 in Axes
   498 | D:1      | Noticed a floating eye
   499 | D:1      | Found a faded altar of an unknown god.
   515 | D:1      | Noticed a shining eye
   515 | D:1      | Noticed a great orb of eyes
   515 | D:1      | Noticed a golden eye
   528 | D:1      | Reached XP level 3. HP: 16/23 MP: 3/3
  1083 | D:2      | Reached XP level 4. HP: 24/29 MP: 4/4
  1625 | D:2      | Noticed Sigmund
  1635 | D:2      | Killed Sigmund
  1636 | D:2      | Reached skill level 3 in Axes
  1636 | D:2      | Reached XP level 5. HP: 23/33 MP: 5/5
  1636 | D:2      | Reached XP level 6. HP: 26/38 MP: 6/6
  1912 | D:2      | Noticed Terence
  1922 | D:2      | Killed Terence
  2011 | D:2      | Found a shimmering altar of Xom.
  2059 | D:3      | Noticed Ijyb
  2095 | D:3      | Killed Ijyb
  2096 | D:3      | Reached skill level 4 in Axes
  2397 | D:3      | Found a white marble altar of Elyvilon.
  2494 | D:3      | Found Jeotub's Jewellery Emporium.
  2559 | D:3      | Noticed Grinder
  2582 | D:3      | Killed Grinder
  2583 | D:3      | Reached skill level 5 in Armour
  2583 | D:3      | Reached XP level 7. HP: 14/44 MP: 7/7
  2901 | D:3      | Noticed Pargi
  2914 | D:3      | Killed Pargi
  2915 | D:3      | Reached skill level 5 in Axes
  2934 | D:3      | Reached skill level 1 in Evocations
  3194 | D:3      | Found an iron altar of Okawaru.
  3201 | D:3      | Became a worshipper of Warmaster Okawaru
  3479 | D:4      | Noticed Blork the orc
  3491 | D:4      | Killed Blork the orc
  3664 | D:4      | Found Xifreza's Self-Improvement Boutique.
  3762 | D:4      | Found Ubiupla's Jewellery Boutique.
  3773 | D:4      | Found a glowing silver altar of Zin.
  3839 | D:4      | Found a staircase to the Ecumenical Temple.
  3853 | Temple   | Entered the Ecumenical Temple
  4001 | D:4      | Found Bimmeudodgh's Book Emporium.
  4033 | D:4      | Identified the +1 war axe of Brawling {freeze, Fly rF+++
                  | Str-3 Stlth+}
  4261 | D:5      | Entered Level 5 of the Dungeon
  4298 | D:5      | Reached skill level 1 in Invocations
  4298 | D:5      | Reached XP level 8. HP: 37/48 MP: 8/8
  4300 | D:5      | Reached * piety under Okawaru
  4430 | D:5      | Found a glowing drain.
  4446 | Sewer    | Entered a sewer
  4542 | Sewer    | Reached skill level 5 in Fighting
  4842 | Sewer    | Found a white marble altar of Elyvilon.
  4932 | D:5      | Reached skill level 6 in Axes
  4953 | D:5      | Found a glowing golden altar of the Shining One.
  5136 | D:5      | Found a snail-covered altar of Cheibriados.
  5153 | D:5      | Reached skill level 5 in Shields
  5217 | D:5      | Reached ** piety under Okawaru
  5451 | D:5      | Reached XP level 9. HP: 54/54 MP: 11/11
  5628 | D:6      | Found a basalt altar of Yredelemnul.
  5738 | D:6      | Found a broken altar of Ashenzari.
  5787 | D:6      | Noticed Dowan
  5789 | D:6      | Found a stormy altar of Qazlal.
  5789 | D:6      | Noticed Duvessa
  5798 | D:6      | Reached skill level 7 in Axes
  5801 | D:6      | Killed Duvessa
  5816 | D:6      | Killed Dowan
  6136 | D:6      | Found an ornate altar of the Wu Jian Council.
  6139 | D:6      | Found a shimmering altar of Xom.
  6139 | D:6      | Found a shadowy altar of Dithmenos.
  6141 | D:6      | Found a shimmering altar of Xom.
  6141 | D:6      | Found a basalt altar of Yredelemnul.
  6141 | D:6      | Found an ancient bone altar of Kikubaaqudgha.
  6274 | D:6      | Reached *** piety under Okawaru
  6465 | D:6      | Found a runed translucent door.
  6466 | D:6      | Noticed Crazy Yiuf
  7311 | D:6      | Reached skill level 8 in Axes
  7316 | D:6      | HP: 1/55 [yak (5)]
  7320 | D:6      | Reached XP level 10. HP: 2/60 MP: 13/13
  7814 | D:6      | Reached **** piety under Okawaru
  7972 | D:6      | Killed Crazy Yiuf
  8155 | D:7      | Received a gift from Okawaru
  8504 | D:7      | Found a sacrificial altar of Ru.
  8972 | D:7      | Found a shadowy altar of Dithmenos.
  9014 | D:7      | Reached skill level 5 in Invocations
  9920 | D:8      | Reached skill level 9 in Axes
 10138 | D:8      | Found a shimmering blue altar of Sif Muna.
 10253 | D:8      | Reached skill level 5 in Evocations
 11180 | D:8      | Reached ***** piety under Okawaru
 11905 | D:9      | Noticed a two-headed ogre
 11922 | D:9      | HP: 2/63 [two-headed ogre/+0 giant club (7)]
 11923 | D:9      | Killed a two-headed ogre
 11924 | D:9      | Reached XP level 11. HP: 2/67 MP: 15/15
 12217 | D:9      | Found a staircase to the Orcish Mines.
 12661 | D:9      | Found a hazy altar of Hepliaklqana.
 12722 | D:10     | Entered Level 10 of the Dungeon
 12833 | D:10     | Found a staircase to the Lair.
 13568 | D:10     | Noticed a skeletal warrior
 13579 | D:10     | Mangled by an orc warrior

Illustrated notes

Levels and vault maps discovered:
D:1:      minmay_arrival_stair_chambers, layout_basic,
          hellmonk_ecumenical_altar_watching_god
D:2:      layout_basic, basic_altar, minmay_misc_feat_iff,
          small_statue_intersection, uniq_terence, uniq_sigmund
D:3:      layout_loops_cross, mainiacjoe_overflow_alcove_1, old_standard_altar,
          serial_shops, shop, minmay_starry_boxes, uniq_pargi, uniq_ijyb,
          uniq_grinder
D:4:      layout_cave_pools, overflow_temple_1_default, temple_fountains,
          serial_shops, shop, kennysheep_mini_moat, amcnicky_mini_pool_small,
          nicolae_shop_self_help, uniq_blork_the_orc
D:5:      layout_layer_cave, nicolae_overflow_hidden_temple, marbit_many_paths,
          portal_sewer_entry_e
D:6:      layout_rooms, mainiacjoe_overflow_boulevard,
          ashenzari_conservatory_becter, doesnt_xom_only_xom,
          lemuel_coloured_pillars_altar, kennysheep_dice, uniq_duvessa,
          uniq_crazy_yiuf_cottage
D:7:      layout_basic, nicolae_ru_the_path_less_chosen,
          nicolae_dithmenos_shadow_blocks, eino_jars
D:8:      layout_basic, led_sif_book, serial_park_tiny_1,
          nicolae_shop_i_like_small_books_too, hangedman_decor_push,
          centaur_isle
D:9:      layout_cross, nicolae_hepliaklqana_monster_ancestors, david_orc_3
D:10:     minmay_octagon_keep, layout_basic, trog_three_pillars_becter,
          lair_entry_dummy, st_stairs_14, dreamdust_mushroom_princess
Temple:   hellmonk_temple_flake

Skill      XL: |  1  2  3  4  5  6  7  8  9 10 |
---------------+-------------------------------+-----
Axes           | 2 3 4 5 6 8 9 |  9.8
Armour         | 4 5 6 7 8 |  8.3
Fighting       | 4 5 6 7 |  7.4
Shields        | 4 5 6 |  6.7
Evocations     | 1 2 4 5 |  5.6
Invocations    | 1 2 4 6 |  6.3

Action                     |  1- 3 |  4- 6 |  7- 9 | 10-12 || total
---------------------------+-------+-------+-------+-------++-------
  Melee: War axe           |    91 |    95 |   371 |   324 ||   881
    Use: Potion            |       |     2 |     2 |     1 ||     5
         Scroll            |       |     7 |     7 |     6 ||    20
   Stab: Sleeping          |       |       |     1 |       ||     1
 Armour: Scale mail        |     3 |       |       |       ||     3
         Chain mail        |    60 |    60 |   335 |   287 ||   742
  Dodge: Dodged            |    38 |    26 |   161 |   147 ||   372
  Block: Buckler           |    23 |    27 |   148 |   156 ||   354

Table legend: (Time is in decaauts)
 A = Elapsed time spent in this place.
 B = Non-inter-level travel time spent in this place.
 C = Inter-level travel time spent in this place.
 D = Time resting spent in this place.
 E = Time spent auto-exploring this place.
 F = Levels seen in this place.
 G = Mean time per level.
                   A        B        C        D        E       F      G
               +--------+--------+--------+--------+--------+-----+--------+
         Total |  13792 |  13510 |    282 |   5392 |   5544 |  12 | 1149.3 |
       Dungeon |  13252 |  12970 |    282 |   5110 |   5360 |  10 | 1325.2 |
        Temple |     74 |     74 |      0 |      0 |     62 |   1 |   74.0 |
         Sewer |    465 |    465 |      0 |    282 |    121 |   1 |  465.0 |
               +--------+--------+--------+--------+--------+-----+--------+

Top non-repeatable levels by time:
     D:8: 2393 daAuts
     D:6: 2347 daAuts
     D:7: 1504 daAuts
     D:3: 1451 daAuts
     D:2: 1303 daAuts
     D:5: 1132 daAuts
    D:10: 859 daAuts
     D:1: 799 daAuts
     D:4: 732 daAuts
     D:9: 729 daAuts
   Sewer: 465 daAuts
  Temple: 74 daAuts
